 Dungeon Crawl Stone Soup version 0.23-a0-612-gcb482e9 (webtiles) character file.

336 zishaf the Chopper (level 6, -3/56 HPs)
             Began as a Hill Orc Monk on Dec 21, 2018.
             Slain by a river rat (4 damage)
             ... in a sewer.
             The game lasted 00:04:52 (3870 turns).

zishaf the Chopper (Hill Orc Monk)                  Turns: 3870, Time: 00:04:53

Health: -3/56      AC:  6    Str: 16    XL:     6   Next: 54%
Magic:  6/6        EV: 12    Int: 10    God:
Gold:   195        SH:  0    Dex: 13    Spells: 5/5 levels left

rFire    . . .     SeeInvis .   a - +0 hand axe
rCold    . . .     Gourm    .   (no shield)
rNeg     . . .     Faith    .   d - +0 ring mail
rPois    .         Spirit   .   (no helmet)
rElec    .         Reflect  .   (no cloak)
rCorr    .         Harm     .   (no gloves)
MR       .....                  l - +0 pair of boots
Stlth    +.........             (no amulet)
HPRegen  0.18/turn              (no ring)
MPRegen  0.10/turn              (no ring)

@: no status effects
A: no striking features
a: no special abilities


You were in a sewer.
You were not hungry.

You visited 1 branch of the dungeon, and saw 4 of its levels.
You also visited: Sewer.

You collected 195 gold pieces.

Inventory:

Hand Weapons
 a - a +0 hand axe (weapon)
Armour
 d - a +0 ring mail (worn)
 l - a +0 pair of boots (worn)
Jewellery
 m - a cursed ring of attention {unknown}
Scrolls
 f - a scroll of fear {unknown}
 h - 4 scrolls of identify {unknown}
 i - 4 scrolls of remove curse
 j - 2 scrolls of immolation {unknown}
 n - a scroll of teleportation {unknown}
 o - 3 scrolls of magic mapping
 p - a scroll of amnesia {unknown}
 q - a scroll of fog {unknown}
 u - a scroll of enchant weapon {unknown}
Potions
 b - 2 potions of invisibility {unknown}
 e - a potion of haste {unknown}
 g - a potion of agility {unknown}
 r - a potion of lignification {unknown}
 s - 3 potions of degeneration {unknown}
 t - a potion of flight {unknown}
 v - a potion of heal wounds {unknown}
 w - a potion of curing {unknown}
Comestibles
 c - 6 rations


   Skills:
 + Level 5.5 Fighting
 + Level 6.1 Axes
 + Level 3.5 Armour
 - Level 3.0 Dodging
 - Level 1.5 Stealth


You had 5 spell levels left.
You didn't know any spells.
Your spell library was empty.

Dungeon Overview and Level Annotations

Branches:
Dungeon (4/15)
 Temple: D:4-7

Altars:
Makhleb
Ru


Message History

The river rat is lightly wounded.
The river rat barely misses you.
You barely miss the river rat.
The river rat is lightly wounded.
The river rat bites you!
* * * LOW HITPOINT WARNING * * *
You hit the river rat but do no damage.
The river rat is lightly wounded.
The river rat closely misses you.
You slash the river rat!
The river rat is almost dead.
The river rat bites you.
* * * LOW HITPOINT WARNING * * *
You hit the river rat but do no damage.
The river rat is severely wounded.
The river rat closely misses you.
You closely miss the river rat.
The river rat is severely wounded.
The river rat bites you.
You die...

≈≈≈≈≈≈≈....††≈≈≈≈≈≈≈≈≈≈≈≈≈≈#
≈≈≈≈≈≈......†.≈≈≈≈≈≈≈≈≈≈≈≈≈#
..................≈≈≈≈≈≈≈≈≈#
...........................'
#.........................#
##.......##..÷............#
#...##..#####......###..###
∩..# ##..######...## #### ##
##.r@# ##### #####


You could see a river rat.

Vanquished Creatures
  2 orc wizards (D:3)
  4 gnolls (D:3)
  11 adders
  4 river rats (Sewer)
  4 worms
  2 dart slugs (D:2)
  A leopard gecko (D:1)
  7 orcs
  4 ball pythons
  5 giant cockroaches
  8 hobgoblins
  3 jackals (D:3)
  9 kobolds
  2 quokkas (D:3)
  5 bats
  4 frilled lizards
  7 goblins
  15 rats
97 creatures vanquished.

Notes
Turn   | Place    | Note
-------+----------+-------------------------------------------
     0 | D:1      | zishaf the Hill Orc Monk began the quest for the Orb.
     0 | D:1      | Reached XP level 1. HP: 19/19 MP: 1/1
   180 | D:1      | Reached XP level 2. HP: 20/27 MP: 2/2
   662 | D:1      | Reached skill level 1 in Armour
   856 | D:2      | Reached XP level 3. HP: 33/33 MP: 3/3
  1400 | D:2      | Reached XP level 4. HP: 39/40 MP: 4/4
  1736 | D:3      | Reached skill level 5 in Axes
  2156 | D:3      | Reached XP level 5. HP: 36/47 MP: 5/5
  2489 | D:3      | Found a burning altar of Makhleb.
  2735 | D:3      | Reached skill level 5 in Fighting
  2767 | D:3      | Found a sacrificial altar of Ru.
  2890 | D:3      | Reached XP level 6. HP: 53/56 MP: 6/6
  3563 | D:4      | Found a glowing drain.
  3607 | Sewer    | Entered a sewer
  3788 | Sewer    | Reached skill level 6 in Axes
  3866 | Sewer    | HP: 2/56 [river rat (7)]
  3870 | Sewer    | Slain by a river rat

Vault maps used:
D:1:      elethiomel_arrival_infinity_welcomes_careful_drivers,
          minmay_octomino_c4
D:2:      solitary_fountain
D:3:      lemuel_crystal_altar, nicolae_ru_great_annihilating_truth
D:4:      gup_sewer_entry_glass, first_ration, okawaru_gym_becter
Sewer:    sewer_minmay_treatment

Skill      XL: |  1  2  3  4  5  6 |
---------------+-------------------+-----
Armour         | 1 2 3 |  3.5
Fighting       | 4 5 |  5.5
Dodging        | 3 |  3.0
Axes           | 5 6 |  6.1
Stealth        | |  1.5

Action                   |  1- 3 |  4- 6 || total
-------------------------+-------+-------++-------
Melee: Hand axe          |   113 |   309 ||   422
  Use: Scroll            |       |     2 ||     2
 Stab: Sleeping          |     1 |     1 ||     2
       Paralysed         |       |     1 ||     1
  Eat: Chunk             |     2 |     8 ||    10
Armor: Ring mail         |    40 |   111 ||   151
Dodge: Dodged            |    66 |   177 ||   243

Table legend:
 A = Non-vault XP
 B = Vault XP
 C = Vault XP percentage of total XP
 D = Non-vault monster count
 E = Vault monster count
 F = Vault count percentage of total count
                 A         B        C        D         E       F
            +---------+---------+-------+---------+---------+-------
      Total |     303 |     178 |  37.0 |      67 |      30 |  30.9
            +---------+---------+-------+---------+---------+-------
        D:1 |      28 |       5 |  15.2 |      16 |       5 |  23.8
        D:2 |      75 |       0 |   0.0 |      19 |       0 |   0.0
        D:3 |     197 |      58 |  22.7 |      31 |       4 |  11.4
        D:4 |       3 |      33 |  91.7 |       1 |       5 |  83.3
      Sewer |       0 |      82 | 100.0 |       0 |      16 | 100.0
            +---------+---------+-------+---------+---------+-------
